[Event "PJKL 2008 D categorie"]
[Site "Roermond"]
[Date "2009.12.29"]
[Round "7"]
[White "Redman, Justin"]
[Black "Maessen, Roy"]
[Result "0-1"]
[ECO "A00"]
[WhiteElo "448"]
[BlackElo "1330"]
[PlyCount "34"]
[TimeControl "240+2"]

{1MB, Fritz10.ctg, ERIC-LAPTOP} 1. e4 d5 2. Nc3 dxe4 3. Nxe4 Bf5 4. Nc3 Nc6 5.
Bc4 Nf6 6. f3 Nd4 7. d3 Nc6 8. g4 Bd7 9. Nh3 Qc8 10. O-O h6 11. g5 Bxh3 12. Re1
hxg5 13. Bxg5 Qf5 14. d4 Qxg5+ 15. Kf2 Bf5 16. Ne4 Rxh2+ 17. Kf1 Bh3# 0-1

[Event "PJKL 2008 D categorie"]
[Site "Roermond"]
[Date "2008.12.29"]
[Round "7"]
[White "Steinbusch, Milan"]
[Black "van den Berg, Dora-Jane"]
[Result "1-0"]
[ECO "A00"]
[WhiteElo "658"]
[BlackElo "763"]
[PlyCount "45"]
[TimeControl "240+2"]

{1MB, Fritz10.ctg, ERIC-LAPTOP} 1. e4 d5 2. Nc3 d4 3. Na4 Nf6 4. e5 Ne4 5. Qe2
f5 6. f3 Ng5 7. d3 e6 8. Bxg5 Qxg5 9. Nh3 Bb4+ 10. c3 Qe7 11. O-O-O Ba5 12. b4
Qd7 13. bxa5 Qxa4 14. cxd4 Qxa5 15. Ng5 Qa4 16. Qc2 Qxc2+ 17. Kxc2 Na6 18. d5
exd5 19. d4 Nb4+ 20. Kb3 Nc6 21. Bb5 Bd7 22. Bxc6 Bxc6 23. Ne6 {0-0-0 24. Pxd8
Kxd8 25. Ta1 Te8 26. The1 a5 27. e6 a4 28. Kc3 f4 29. Tad1 b5 30. Td2 g5 31.
T2e2 h5 32. e7+ Kc8 33. Kb4 Kb7 34.h4 g4 35.fxg4 hxg4 36. h5 f3 37. gxf3 gxf3
38. Tf2 Ld7 39. Th2 c6 40. h6 Lf5 41. Te5 Lb1 42. h7 Lxh7 43. Txh7 f2 44. Tf7
Kc7 45. Tf8 Kd7 46.Txf2 Txe7 47. Txe7 Kxe7 48. Tc2 Kd7 49. Ka5 Kc7 50, Tg2 Kb7
51. Tg7 Kc8 52. Kb6 b4 53. Kxc6 b3 54. Tg8#} 1-0

[Event "PJKL 2008 D categorie"]
[Site "Roermond"]
[Date "2008.12.29"]
[Round "7"]
[White "Huibers, Lars"]
[Black "Schreibing, Dani"]
[Result "1-0"]
[ECO "C55"]
[WhiteElo "933"]
[BlackElo "624"]
[PlyCount "35"]
[TimeControl "240+2"]

{1MB, Fritz10.ctg, ERIC-LAPTOP} 1. e4 e5 2. Nf3 Nc6 3. Bc4 Nf6 4. Nc3 Bb4 5. a3
Bxc3 6. bxc3 Nxe4 7. d3 Nxc3 8. Qd2 d5 9. Qxc3 dxc4 10. Qxc4 O-O 11. O-O Qf6
12. Qe4 Bf5 13. Qh4 Qg6 14. Bb2 Bg4 15. Nxe5 Nxe5 16. Bxe5 Bf3 17. Qg3 Qc6 18.
Qxg7# 1-0

[Event "PJKL 2008 D categorie"]
[Site "Roermond"]
[Date "2008.12.29"]
[Round "7"]
[White "Terwel, Diederick"]
[Black "Reijnders, Yari"]
[Result "1-0"]
[ECO "C44"]
[WhiteElo "976"]
[BlackElo "586"]
[PlyCount "71"]
[TimeControl "240+2"]

{1MB, Fritz10.ctg, ERIC-LAPTOP} 1. e4 e5 2. Nf3 Nc6 3. d4 Qe7 4. d5 Nb4 5. Bd2
f6 6. a3 a5 7. axb4 b6 8. bxa5 Qc5 9. Bd3 bxa5 10. b4 Qb6 11. bxa5 Qb7 12. O-O
c6 13. a6 Qb6 14. Be3 Bc5 15. Bxc5 Qxc5 16. Nbd2 Qb6 17. Qb1 Qc5 18. dxc6 dxc6
19. Qa2 Ne7 20. Qa5 Qa7 21. Nc4 O-O 22. Qb6 Qxb6 23. Nxb6 Rb8 24. a7 Rxb6 25.
a8=Q Bb7 26. Qa7 Nc8 27. Qa2+ Kh8 28. Ba6 Bxa6 29. c4 Nd6 30. c5 Bxf1 31. cxb6
Rb8 32. Qa7 Rg8 33. Rxf1 Nxe4 34. b7 Re8 35. b8=Q Rxb8 36. Qxb8# 1-0

[Event "PJKL 2008 D categorie"]
[Site "Roermond"]
[Date "2008.12.29"]
[Round "7"]
[White "van der Laan, Daniel"]
[Black "Broens, Damian"]
[Result "0-1"]
[ECO "C20"]
[WhiteElo "593"]
[BlackElo "879"]
[PlyCount "96"]
[TimeControl "240+2"]

{1MB, Fritz10.ctg, ERIC-LAPTOP} 1. e4 e5 2. Qh5 Nc6 3. Bb5 d6 4. Bxc6+ bxc6 5.
Nf3 Qf6 6. Qg5 Qe6 7. O-O Be7 8. Qf5 Qc4 9. d3 Qb5 10. Re1 Bxf5 11. b3 Be6 12.
Nc3 Qa5 13. a3 Qxc3 14. Bd2 Qxc2 15. Rac1 Qxb3 16. Ra1 Qxd3 17. Re3 Qb5 18. a4
Qb2 19. Rc1 Bf6 20. Rxc6 Bg4 21. Rec3 Bxf3 22. Rc2 Qb1+ 23. Rc1 Qd3 24. R6c3
Qxd2 25. a5 Bxg2 26. Kxg2 Qg5+ 27. Kh1 Qf4 28. Rg1 Qxe4+ 29. Rg2 Qe1+ 30. Rg1
Qxc3 31. Rg3 Qxg3 32. fxg3 e4 33. Kg1 d5 34. Kf2 d4 35. Ke1 c5 36. Kd2 c4 37.
Kc2 e3 38. Kb2 e2 39. Ka3 e1=Q 40. Ka4 Qa1+ 41. Kb5 Rb8+ 42. Ka6 c3 43. h4 c2
44. g4 c1=Q 45. g5 Qc6+ 46. Kxa7 Qxa5+ 47. Kxb8 Qab5+ 48. Ka7 Qca6# 0-1

[Event "PJKL 2008 D categorie"]
[Site "Roermond"]
[Date "2008.12.29"]
[Round "7"]
[White "Schols, Jeroen"]
[Black "van Meegen, Judith"]
[Result "0-1"]
[ECO "D00"]
[WhiteElo "870"]
[BlackElo "1157"]
[PlyCount "46"]
[TimeControl "240+2"]

{1MB, Fritz10.ctg, ERIC-LAPTOP} 1. d4 d5 2. Nf3 Nc6 3. Nc3 Nf6 4. Bg5 Bg4 5.
Bxf6 exf6 6. e3 Bb4 7. Qd2 Qd6 8. Be2 O-O-O 9. O-O h5 10. a3 Ba5 11. g3 g5 12.
b4 Bb6 13. Nb5 Qe6 14. a4 a5 15. bxa5 Bxa5 16. Qd3 h4 17. c4 hxg3 18. hxg3 Bxf3
19. Bxf3 Qh3 20. Bg4+ Qxg4 21. Rfc1 Qf3 22. Qf5+ Qxf5 23. Kf1 Qf3 0-1

[Event "PJKL 2008 D categorie"]
[Site "Roermond"]
[Date "2008.12.29"]
[Round "7"]
[White "Parren, Ashley"]
[Black "Damen, Ruben"]
[Result "0-1"]
[ECO "C23"]
[WhiteElo "695"]
[BlackElo "886"]
[PlyCount "152"]
[TimeControl "240+2"]

{1MB, Fritz10.ctg, ERIC-LAPTOP} 1. e4 e5 2. Bc4 Bc5 3. Qf3 Nf6 4. Nh3 d6 5. O-O
Bg4 6. Qg3 Nbd7 7. d3 Nb6 8. Bg5 Bxh3 9. Qxh3 Nxc4 10. dxc4 O-O 11. Bxf6 Qxf6
12. Nd2 c6 13. Nf3 d5 14. exd5 cxd5 15. cxd5 e4 16. Nd2 Qe5 17. Rfe1 Qxd5 18.
Nxe4 Rfe8 19. Nxc5 Qxc5 20. Rxe8+ Rxe8 21. g3 h6 22. b4 Qc3 {kennelijk is de
pion van c2 naar c3 verschoven, want in de notatie wordt de pion op c3 op deze
zet geslaen. Gelet op het verdere verloop van de partij is de pion die nu op
c2 nog staat verdwenen.} 23. a3 Re1+ 24. Rxe1 Qxe1+ 25. Qf1 Qc3 26. Qe2 Qxa3
27. Qe8+ Kh7 28. Qe4+ g6 29. Qe7 Qa1+ 30. Kg2 Qg7 31. Qxb7 f5 32. Qxg7+ Kxg7
33. Kf3 Kf7 34. Ke3 Ke7 35. Kd3 Kd7 36. Kc3 Kc7 37. Kc4 Kb6 38. f3 h5 39. g4
fxg4 40. fxg4 hxg4 41. b5 Kc7 42. Kc5 Kd7 43. Kb4 g5 44. Ka5 Kc7 45. Ka6 Kb8
46. b6 axb6 47. Kxb6 Kc8 48. Kc5 Kd7 49. Kd4 Ke6 50. Ke3 Kf6 51. Kf2 Kg6 52.
Kg3 Kh5 53. Kg2 Kh4 54. Kh1 g3 55. hxg3+ Kxg3 56. Kg1 g4 57. Kh1 Kf2 58. Kh2
g3+ 59. Kh3 g2 60. Kg4 g1=Q+ 61. Kf4 Qg3+ 62. Ke4 Qf3+ 63. Kd4 Qe3+ 64. Kd5 Kf3
65. Kc6 Qd4 66. Kb5 Qc3 67. Kb6 Ke4 68. Kb5 Kd5 69. Kb6 Qc6+ 70. Ka5 Qc4 71.
Kb6 Qc5+ 72. Kb7 Qc6+ 73. Kb8 Kd6 74. Ka7 Qb5 75. Ka8 Kc7 76. Ka7 Qb7# 0-1

[Event "PJKL 2008 D categorie"]
[Site "Roermond"]
[Date "2008.12.29"]
[Round "8"]
[White "van Meegen, Judith"]
[Black "Parren, Ashley"]
[Result "1-0"]
[ECO "C48"]
[WhiteElo "1157"]
[BlackElo "695"]
[PlyCount "39"]
[TimeControl "240+2"]

{1MB, Fritz10.ctg, ERIC-LAPTOP} 1. e4 e5 2. Nf3 Nc6 3. Nc3 Nf6 4. Bb5 Bc5 5.
Nxe5 Nxe5 6. d4 Bd6 7. dxe5 Bxe5 8. Bg5 O-O 9. O-O Bxc3 10. bxc3 h6 11. Bh4 Re8
12. Re1 c6 13. Bd3 Re6 14. e5 Qe8 15. exf6 gxf6 16. Bxf6 Rxe1+ 17. Qxe1 Qf8 18.
Qe3 d6 19. Qg3+ Qg7 20. Qxg7# 1-0

[Event "PJKL 2008 D categorie"]
[Site "Roermond"]
[Date "2008.12.29"]
[Round "8"]
[White "Broens, Damian"]
[Black "Schols, Jeroen"]
[Result "0-1"]
[ECO "C46"]
[WhiteElo "879"]
[BlackElo "870"]
[PlyCount "82"]
[TimeControl "240+2"]

{1MB, Fritz10.ctg, ERIC-LAPTOP} 1. e4 e5 2. Nc3 Nc6 3. Nf3 Bb4 4. d3 Bxc3+ 5.
bxc3 Nf6 6. Bg5 d6 7. h3 O-O 8. Nh4 h6 9. Bxf6 Qxf6 10. Qg4 Bxg4 11. hxg4 g5
12. Nf5 Rae8 13. Nxh6+ Kg7 14. Nf5+ Kg8 15. d4 Ne7 16. dxe5 dxe5 17. Bb5 c6 18.
Bc4 Nxf5 19. gxf5 Kg7 20. g4 Rh8 21. Rf1 Qh6 22. Be2 Qh1 23. c4 c5 24. Rd1 Qh6
25. a4 a5 26. c3 Rd8 27. Rc1 Rd7 28. Bf3 Qd6 29. Rd1 Qe7 30. Rc1 Rhd8 31. Be2
Qd6 32. f3 Qd2+ 33. Kf2 Qd6 34. Ke1 Qb6 35. Kf2 Qb2 36. Rce1 Rd2 37. Kg3 Qxc3
38. Rf2 Rc2 39. Kg2 Qxe1 40. Bf1 Qxf2+ 41. Kh3 Rh8# 0-1

[Event "PJKL 2008 D categorie"]
[Site "Roermond"]
[Date "2008.12.29"]
[Round "8"]
[White "Reijnders, Yari"]
[Black "van der Laan, Daniel"]
[Result "0-1"]
[ECO "B01"]
[WhiteElo "586"]
[BlackElo "593"]
[PlyCount "52"]
[TimeControl "240+2"]

{1MB, Fritz10.ctg, ERIC-LAPTOP} 1. e4 d5 2. Bb5+ Bd7 3. Bxd7+ Nxd7 4. exd5 c6
5. Qf3 Rc8 6. Nh3 e6 7. c4 cxd5 8. cxd5 exd5 9. Qxd5 Rc5 10. Qxb7 Qb8 11. Qe4+
Re5 12. Qxe5+ Nxe5 13. O-O Bc5 14. Re1 Ne7 15. d3 Nxd3 16. Rd1 Nxc1 17. Rxc1
Qe5 18. g3 Qf5 19. Rf1 Qxh3 20. Nc3 O-O 21. Rac1 f5 22. Ne2 Nd5 23. Rxc5 f4 24.
Rxd5 f3 25. Nf4 Rxf4 26. gxf4 Qg2# 0-1

[Event "PJKL 2008 D categorie"]
[Site "Roermond"]
[Date "2008.12.29"]
[Round "8"]
[White "Schreibing, Dani"]
[Black "Terwel, Diederick"]
[Result "0-1"]
[ECO "B30"]
[WhiteElo "624"]
[BlackElo "976"]
[PlyCount "126"]
[TimeControl "240+2"]

{1MB, Fritz10.ctg, ERIC-LAPTOP} 1. e4 c5 2. Nf3 Nc6 3. Nc3 Nf6 4. Bb5 e6 5. d3
Bd6 6. O-O O-O 7. Bg5 h6 8. Bxf6 Qxf6 9. Bxc6 dxc6 10. g3 e5 11. Qd2 Qxf3 12.
Nd1 Bh3 13. Ne3 Bxf1 14. Nxf1 Rae8 15. h3 Re6 16. Nh2 Qf6 17. Ng4 Qg5 18. Qxg5
hxg5 19. h4 gxh4 20. gxh4 Rg6 21. f3 f5 22. exf5 Rxf5 23. Kf2 Rh5 24. Kg3 e4+
25. Kh3 exf3 26. Re1 f2 27. Re8+ Kf7 28. Nxf2 Kxe8 29. Ne4 Bc7 30. c3 Re6 31.
b4 c4 32. Ng3 cxd3 33. Nxh5 d2 34. Nxg7+ Ke7 35. Nxe6 Kxe6 36. h5 d1=Q 37. Kh4
Qd8+ 38. Kg4 Qh8 39. Kg5 Bd8+ 40. Kg6 Ke7 41. h6 Kf8 42. h7 Bc7 43. c4 Qg7+ 44.
Kf5 Qxh7+ 45. Kg5 Bd8+ 46. Kg4 Kf7 47. c5 Qg6+ 48. Kf3 Qf5+ 49. Kg3 Qf1 50. b5
Qxb5 51. Kf4 Qxc5 52. a4 Qd5 53. Kg4 c5 54. a5 c4 55. a6 bxa6 56. Kg3 c3 57.
Kh3 c2 58. Kg3 c1=R 59. Kf4 Rc4+ 60. Ke3 Qb5 61. Kd3 Qb3+ 62. Kd2 Rc2+ 63. Kd1
Qb1# 0-1

[Event "PJKL 2008 D categorie"]
[Site "Roermond"]
[Date "2008.12.29"]
[Round "8"]
[White "van den Berg, Dora-Jane"]
[Black "Huibers, Lars"]
[Result "0-1"]
[ECO "C22"]
[WhiteElo "658"]
[BlackElo "933"]
[PlyCount "24"]
[TimeControl "240+2"]

{1MB, Fritz10.ctg, ERIC-LAPTOP} 1. e4 e5 2. d4 exd4 3. Qxd4 Nc6 4. Qc4 Nf6 5.
Bg5 h6 6. Bh4 b6 7. Bxf6 Qxf6 8. Qb5 a6 9. Qb3 Bc5 10. Nd2 Qxf2+ 11. Kd1 Be3
12. Nh3 Qxd2# 0-1

[Event "PJKL 2008 D categorie"]
[Site "Roermond"]
[Date "2008.12.29"]
[Round "8"]
[White "Maessen, Roy"]
[Black "Vink, Koen"]
[Result "1-0"]
[ECO "D05"]
[WhiteElo "1330"]
[BlackElo "817"]
[PlyCount "77"]
[TimeControl "240+2"]

{1MB, Fritz10.ctg, ERIC-LAPTOP} 1. d4 d5 2. Nf3 Nf6 3. e3 e6 4. Bd3 Bb4+ 5. Bd2
Bd6 6. Bc3 Bd7 7. O-O O-O 8. Ne5 Bxe5 9. dxe5 Ne4 10. Qh5 a6 11. f3 Bb5 12.
fxe4 Bxd3 13. cxd3 dxe4 14. d4 Nc6 15. Rf4 b5 16. Rh4 h6 17. Rg4 b4 18. Qxh6 g6
19. Rh4 Qxh4 20. Qxh4 bxc3 21. Nxc3 Rab8 22. Qxe4 Rxb2 23. Qxc6 Rfb8 24. Qxc7
R8b7 25. Qd8+ Kg7 26. h4 Rc2 27. Ne4 Rcb2 28. Nf6 Rb8 29. Qc7 R2b7 30. Qc6 Rb6
31. Qf3 Kf8 32. Nd7+ Ke7 33. Nxb8 Rxb8 34. Rc1 Rb2 35. Qf6+ Kd7 36. Qxf7+ Kd8
37. Rc7 Rb1+ 38. Kh2 Rf1 39. Qe7# 1-0

[Event "PJKL 2008 D categorie"]
[Site "Roermond"]
[Date "2008.12.29"]
[Round "8"]
[White "Hegge, Freek"]
[Black "Redman, Justin"]
[Result "1/2-1/2"]
[ECO "C47"]
[WhiteElo "888"]
[BlackElo "448"]
[PlyCount "65"]
[TimeControl "240+2"]

{1MB, Fritz10.ctg, ERIC-LAPTOP} 1. e4 e5 2. Nf3 Nc6 3. Nc3 Nf6 4. g3 d6 5. Bg2
Nb8 6. O-O d5 7. d3 dxe4 8. dxe4 Nxe4 9. Qxd8+ Kxd8 10. Nxe4 Bf5 11. Nxe5 Bxe4
12. Bxe4 Bd6 13. Nxf7+ Ke8 14. Nxh8 Nd7 15. Bxh7 Nf6 16. Bg6+ Kf8 17. Nf7 Be5
18. Nxe5 Re8 19. Bxe8 Kxe8 20. Re1 Nd5 21. c4 Nb4 22. Nd3+ Kd7 23. Nxb4 a5 24.
Rd1+ Kc8 25. Nc2 c6 26. c5 b5 27. cxb6 Kb7 28. Be3 c5 29. Bxc5 Kc6 30. a4 g6
31. Rd6+ Kb7 32. Rxg6 Ka6 33. Rg7 1/2-1/2

[Event "PJKL 2008 D categorie"]
[Site "Roermond"]
[Date "2008.12.29"]
[Round "9"]
[White "Vink, Koen"]
[Black "Hegge, Freek"]
[Result "0-1"]
[ECO "C47"]
[WhiteElo "817"]
[BlackElo "888"]
[PlyCount "120"]
[TimeControl "240+2"]

{1MB, Fritz10.ctg, ERIC-LAPTOP} 1. e4 e5 2. Nf3 Nc6 3. Nc3 Nf6 4. d3 g6 5. Bg5
Bg7 6. Be2 O-O 7. O-O d6 8. Nd5 Bg4 9. Nxf6+ Bxf6 10. Bxf6 Qxf6 11. c3 Rad8 12.
Nd2 Bxe2 13. Qxe2 Qg5 14. Nf3 Qg4 15. h3 Qd7 16. Qe3 d5 17. exd5 Qxd5 18. d4
exd4 19. cxd4 Nxd4 20. Rad1 c5 21. a3 b6 22. b4 Rfe8 23. Qc3 Ne2+ 24. Kh1 Nxc3
25. Rxd5 Rxd5 26. bxc5 Rxc5 27. Rc1 Rd8 28. Rc2 a5 29. Rb2 Na4 30. Re2 Rc1+ 31.
Kh2 Nc3 32. Re3 Nd1 33. Re7 Kf8 34. Re5 Nxf2 35. Kg3 f6 36. Re2 Nd3 37. Rd2 b5
38. Re2 b4 39. axb4 axb4 40. Nd2 Rc2 41. Kf3 Ne5+ 42. Ke3 Nc6 43. Nb1 Rxe2+ 44.
Kxe2 Na5 45. Nd2 b3 46. Nxb3 Nxb3 47. Kf3 h5 48. Kf4 Rd5 49. g4 Kg7 50. gxh5
g5+ 51. Ke4 Re5+ 52. Kf3 Kh6 53. Kg4 f5+ 54. Kg3 Kxh5 55. h4 f4+ 56. Kh3 Re3+
57. Kg2 Kxh4 58. Kf2 Kh3 59. Kf1 Kg3 60. Kg1 Re1# 0-1

[Event "PJKL 2008 D categorie"]
[Site "Roermond"]
[Date "2008.12.29"]
[Round "9"]
[White "Steinbusch, Milan"]
[Black "Maessen, Roy"]
[Result "0-1"]
[ECO "D01"]
[WhiteElo "763"]
[BlackElo "1330"]
[PlyCount "88"]
[TimeControl "240+2"]

{1MB, Fritz10.ctg, ERIC-LAPTOP} 1. Nf3 Nf6 2. Nc3 d5 3. d4 g6 4. Bg5 Nbd7 5. e3
Bg7 6. Bb5 c6 7. Bxf6 Nxf6 8. Bd3 O-O 9. h3 Re8 10. Qe2 Nd7 11. O-O-O e5 12.
dxe5 Bxe5 13. Nxe5 Nxe5 14. f4 Nxd3+ 15. Qxd3 Bf5 16. e4 dxe4 17. Qe3 Qb6 18.
Qxb6 axb6 19. Rhe1 h5 20. g4 hxg4 21. hxg4 Bxg4 22. Rd4 Bf5 23. Nxe4 c5 24.
Nf6+ Kf8 25. Nxe8 cxd4 26. Rh1 Rxe8 27. Rh8+ Ke7 28. Rh1 Kf6 29. Rd1 Re2 30.
Rd2 Rxd2 31. Kxd2 g5 32. fxg5+ Kxg5 33. b4 Kf4 34. a4 Ke4 35. c3 dxc3+ 36. Kxc3
Bd7 37. b5 f5 38. Kd2 f4 39. Ke2 f3+ 40. Kf2 Kf4 41. Kf1 Kg3 42. Kg1 Bh3 43. a5
f2+ 44. Kh1 f1=Q# 0-1

[Event "PJKL 2008 D categorie"]
[Site "Roermond"]
[Date "2008.12.29"]
[Round "9"]
[White "Terwel, Diederick"]
[Black "van den Berg, Dora Jane"]
[Result "1-0"]
[ECO "B01"]
[WhiteElo "976"]
[BlackElo "658"]
[PlyCount "65"]
[TimeControl "240+2"]

{1MB, Fritz10.ctg, ERIC-LAPTOP} 1. e4 d5 2. exd5 Qxd5 3. Nc3 Qe5+ 4. Be2 Bg4 5.
d4 Qe6 6. Be3 Bxe2 7. Ngxe2 Nc6 8. O-O Nf6 9. d5 Qg4 10. dxc6 bxc6 11. f3 Qg6
12. Qd3 Qh5 13. Qc4 e6 14. Qxc6+ Kd8 15. Rfd1+ Ke7 16. Qxa8 Nd7 17. Qc6 Qe5 18.
Qxd7+ Kf6 19. Bd4 Bc5 20. f4 Bxd4+ 21. Qxd4 Qxd4+ 22. Rxd4 e5 23. fxe5+ Kxe5
24. Re4+ Kf5 25. Rf1+ Kg5 26. Rxf7 Rd8 27. Rxg7+ Kf6 28. Rxh7 Rd2 29. Rh3 Rxc2
30. Rf3+ Kg6 31. Re8 Rd2 32. Rg8+ Kh5 33. Rh3# 1-0

[Event "PJKL 2008 D categorie"]
[Site "Roermond"]
[Date "2008.12.29"]
[Round "9"]
[White "van der Laan, Daniel"]
[Black "Schreibing, Dani"]
[Result "0-1"]
[ECO "C20"]
[WhiteElo "593"]
[BlackElo "624"]
[PlyCount "42"]
[TimeControl "240+2"]

{1MB, Fritz10.ctg, ERIC-LAPTOP} 1. e4 e5 2. Qh5 Nf6 3. Qxe5+ Be7 4. Bb5 Nc6 5.
Bxc6 dxc6 6. Nf3 Bg4 7. Ng5 O-O 8. f3 Nd7 9. Qd4 Bxg5 10. h4 Bf4 11. fxg4 Bg3+
12. Kf1 Bxh4 13. e5 Qe7 14. Qe4 Nxe5 15. d4 Qf6+ 16. Ke2 Qf2+ 17. Kd1 Rfd8 18.
Bd2 Rxd4 19. Qxe5 Rad8 20. Rxh4 Rxd2+ 21. Nxd2 Qxd2# 0-1

[Event "PJKL 2008 D categorie"]
[Site "Roermond"]
[Date "2008.12.29"]
[Round "9"]
[White "Schols, Jeroen"]
[Black "Reijnders, Yari"]
[Result "1-0"]
[ECO "D02"]
[WhiteElo "870"]
[BlackElo "586"]
[PlyCount "99"]
[TimeControl "240+2"]

{1MB, Fritz10.ctg, ERIC-LAPTOP} 1. d4 d5 2. Nf3 e6 3. a3 Be7 4. Nc3 Qd6 5. Nb5
Qb6 6. e3 a6 7. Nc3 Nf6 8. Na4 Qa5+ 9. c3 Bd7 10. b3 Bxa4 11. bxa4 Qxc3+ 12.
Bd2 Qc6 13. Rc1 Qb6 14. Rb1 Qd6 15. Bb4 Qd8 16. Bxe7 Qxe7 17. Rxb7 Qd6 18. Qb1
Nfd7 19. Ne5 O-O 20. Nxd7 Qxd7 21. Bd3 a5 22. Bxh7+ Kh8 23. O-O Qxa4 24. Rxc7
Qxa3 25. Qa1 Qb4 26. Bd3 Qb6 27. Qc3 Nd7 28. Bc2 a4 29. Qd3 g6 30. Rxd7 a3 31.
Bb1 a2 32. Bxa2 Rxa2 33. Rb1 Rb2 34. Rxb2 Qxb2 35. Ra7 Rb8 36. Rxf7 Rg8 37. h3
Qc1+ 38. Qf1 Qc8 39. f4 Qe8 40. Ra7 Qb8 41. Rf7 Rf8 42. Rxf8+ Qxf8 43. Qf2 Kg7
44. g4 Qa3 45. Qh4 Qa1+ 46. Kg2 Qb2+ 47. Kg3 Qe2 48. Qe7+ Kh6 49. g5+ Kh5 50.
Qh7# 1-0

[Event "PJKL 2008 D categorie"]
[Site "Roermond"]
[Date "2008.12.29"]
[Round "9"]
[White "Parren, Ashley"]
[Black "Broens, Damian"]
[Result "0-1"]
[ECO "C55"]
[WhiteElo "695"]
[BlackElo "879"]
[PlyCount "130"]
[TimeControl "240+2"]

{1MB, Fritz10.ctg, ERIC-LAPTOP} 1. e4 e5 2. Bc4 Nf6 3. Nf3 Nc6 4. Bb5 d6 5.
Bxc6+ bxc6 6. O-O Nxe4 7. Qe1 Ng5 8. Nxg5 Qxg5 9. d3 Qg6 10. Qc3 Bh3 11. g3
Bxf1 12. Kxf1 Qh5 13. Qxc6+ Kd8 14. Qxa8+ Ke7 15. Bd2 Qd1+ 16. Kg2 Qxc2 17.
Bg5+ f6 18. Qb7 fxg5 19. Na3 Qc5 20. Rb1 Kd7 21. Nb5 Qc2 22. Rf1 Qxd3 23. Qxc7+
Ke6 24. Qc8+ Kf7 25. Qc7+ Ke6 26. Qc8+ Kf6 27. Qd8+ Kf5 28. g4+ Kxg4 29. h3+
Qxh3+ 30. Kg1 Kf3 31. Qa8+ e4 32. Nd4+ Kf4 33. Ne2+ Kf3 34. Nd4+ Kf4 35. Ne2+
Ke5 36. Qe8+ Kf6 37. Qd8+ Kg6 38. Rd1 Qg4+ 39. Ng3 Qxd1+ 40. Nf1 Qg4+ 41. Ng3
e3 42. Kf1 Qd1+ 43. Kg2 exf2 44. Kxf2 Qc2+ 45. Ne2 Qf5+ 46. Ke1 g4 47. Qe8+ Kg5
48. Qd8+ Qf6 49. Qa5+ Kh4 50. Qd2 Qe5 51. Kd1 Qh2 52. Qe1+ g3 53. Qb4+ Kh3 54.
Nf4+ Kg4 55. Ng6+ Kh3 56. Nf4+ Kg4 57. Ne6+ Kf5 58. Nd4+ Kf6 59. Nf3 Qh1+ 60.
Ke2 Qg2+ 61. Ke3 Qf2+ 62. Kf4 g5+ 63. Kg4 h5+ 64. Kh3 g4+ 65. Kh4 g2# 0-1

[Event "PJKL 2008 D categorie"]
[Site "Roermond"]
[Date "2008.12.29"]
[Round "9"]
[White "Damen, Ruben"]
[Black "van Meegen, Judith"]
[Result "0-1"]
[ECO "C55"]
[WhiteElo "886"]
[BlackElo "1157"]
[PlyCount "138"]
[TimeControl "240+2"]

{1MB, Fritz10.ctg, ERIC-LAPTOP} 1. e4 e5 2. Bc4 Nf6 3. Nf3 Nc6 4. d3 Bb4+ 5.
Nbd2 O-O 6. O-O d6 7. a3 Bc5 8. Nb3 Bg4 9. Bg5 h6 10. Bxf6 Qxf6 11. Nbd2 Nd4
12. c3 Nxf3+ 13. Nxf3 Bxf3 14. Qxf3 Qxf3 15. gxf3 a6 16. b4 Ba7 17. a4 Rab8 18.
b5 axb5 19. axb5 Bb6 20. Bb3 c6 21. c4 cxb5 22. cxb5 Bd4 23. Ra2 g5 24. Kh1 Kg7
25. Rg1 Bxf2 26. Rxf2 f5 27. exf5 Rxf5 28. h4 Kf6 29. hxg5+ hxg5 30. Bc2 e4 31.
dxe4 Rxb5 32. Bd3 Rb3 33. Bc4 Rc3 34. Bf1 Rc1 35. f4 gxf4 36. Rxf4+ Ke5 37. Rf2
Kxe4 38. Bg2+ Ke3 39. Rf6 Rh8+ 40. Bh3 Rxh3+ 41. Kg2 Rxg1+ 42. Kxg1 d5 43. Rb6
Rg3+ 44. Kf1 Rg7 45. Rb3+ Ke4 46. Rh3 d4 47. Rh4+ Kf3 48. Rxd4 Rc7 49. Rd1 b5
50. Rd3+ Ke4 51. Rd1 b4 52. Rb1 Rc4 53. Re1+ Kd3 54. Rd1+ Kc2 55. Ra1 b3 56.
Ke1 b2 57. Ra2 Ra4 58. Rxa4 b1=Q+ 59. Ke2 Qb5+ 60. Rc4+ Qxc4+ 61. Ke3 Kc3 62.
Kf3 Qd4 63. Ke2 Qd3+ 64. Kf2 Kd4 65. Ke1 Qc2 66. Kf1 Ke3 67. Kg1 Kf3 68. Kh1
Kg3 69. Kg1 Qg2# 0-1

[Event "PJKL 2008 D categorie"]
[Site "Roermond"]
[Date "2008.12.29"]
[Round "10"]
[White "Broens, Damian"]
[Black "Damen, Ruben"]
[Result "1-0"]
[ECO "C50"]
[WhiteElo "879"]
[BlackElo "886"]
[PlyCount "43"]
[TimeControl "240+2"]

{1MB, Fritz10.ctg, ERIC-LAPTOP} 1. e4 e5 2. Nf3 Nf6 3. Nc3 Bc5 4. Bc4 d6 5. O-O
Bg4 6. d3 Nc6 7. Nd5 Nd4 8. Bg5 O-O 9. c3 Nxf3+ 10. gxf3 Bh3 11. Re1 h6 12.
Nxf6+ gxf6 13. Bxh6 f5 14. f4 Qf6 15. Bg5 Qg7 16. Qh5 Bg4 17. Bh6 Qh7 18. Qg5+
Kh8 19. Qf6+ Kg8 20. Qg5+ Qg6 21. Qxg6+ Kh8 22. Qg7# 1-0

[Event "PJKL 2008 D categorie"]
[Site "Roermond"]
[Date "2008.12.29"]
[Round "10"]
[White "Reijnders, Yari"]
[Black "Parren, Ashley"]
[Result "0-1"]
[ECO "C23"]
[WhiteElo "586"]
[BlackElo "695"]
[PlyCount "38"]
[TimeControl "240+2"]

{1MB, Fritz10.ctg, ERIC-LAPTOP} 1. e4 e5 2. Bc4 Bc5 3. Nf3 Qe7 4. Ng5 Qxg5 5.
d3 Qf6 6. f4 exf4 7. Rf1 Nh6 8. Rxf4 Qe7 9. Qf3 f6 10. Nc3 g5 11. Rf5 Nxf5 12.
Qxf5 Nc6 13. Ke2 d5 14. Qxd5 Bg4+ 15. Ke1 Rd8 16. Qxd8+ Nxd8 17. Nd5 Qe5 18. h3
Qg3+ 19. Kf1 Qf2# 0-1

[Event "PJKL 2008 D categorie"]
[Site "Roermond"]
[Date "2008.12.29"]
[Round "10"]
[White "Schreibing, Dani"]
[Black "Schols, Jeroen"]
[Result "0-1"]
[ECO "C49"]
[WhiteElo "624"]
[BlackElo "870"]
[PlyCount "50"]
[TimeControl "240+2"]

{1MB, Fritz10.ctg, ERIC-LAPTOP} 1. e4 e5 2. Nc3 Nc6 3. Nf3 Nf6 4. Bb5 Bb4 5.
O-O O-O 6. d3 Bxc3 7. bxc3 d6 8. Bxc6 bxc6 9. Ba3 Rb8 10. Rb1 Be6 11. Rxb8 Qxb8
12. d4 Bxa2 13. dxe5 dxe5 14. Nxe5 Nxe4 15. Bxf8 Nxc3 16. Qd4 Ne2+ 17. Kh1 Nxd4
18. Nd7 Qe8 19. g3 Qe2 20. Kg1 Nf3+ 21. Kg2 Nxh2 22. Kxh2 Qxf1 23. Ne5 Qxf2+
24. Kh1 Bd5+ 25. Nf3 Bxf3# 0-1

[Event "PJKL 2008 D categorie"]
[Site "Roermond"]
[Date "2008.12.29"]
[Round "10"]
[White "van den Berg, Dora Jane"]
[Black "van der Laan, Daniel"]
[Result "1-0"]
[ECO "D00"]
[WhiteElo "658"]
[BlackElo "563"]
[PlyCount "29"]
[TimeControl "240+2"]

{1MB, Fritz10.ctg, ERIC-LAPTOP} 1. e4 d5 2. d4 dxe4 3. d5 Nf6 4. Bc4 Bg4 5. f3
Bf5 6. g4 Bd7 7. g5 Nh5 8. fxe4 h6 9. gxh6 Rxh6 10. Bxh6 gxh6 11. e5 f6 12. d6
exd6 13. exd6 cxd6 14. Qxh5+ Ke7 15. Qf7# 1-0

[Event "PJKL 2008 D categorie"]
[Site "Roermond"]
[Date "2008.12.29"]
[Round "10"]
[White "Maessen, Roy"]
[Black "Huibers, Lars"]
[Result "1-0"]
[ECO "D02"]
[WhiteElo "1330"]
[BlackElo "933"]
[PlyCount "109"]
[TimeControl "240+2"]

{1MB, Fritz10.ctg, ERIC-LAPTOP} 1. d4 d5 2. Nf3 Nf6 3. e3 Nc6 4. b3 e6 5. Bd3
Bd7 6. Bb2 Bd6 7. O-O Qe7 8. Ne5 O-O-O 9. f4 Bxe5 10. dxe5 Ne4 11. Nd2 Nxd2 12.
Qxd2 f6 13. a4 fxe5 14. fxe5 Rhf8 15. Rxf8 Rxf8 16. Ba3 Qe8 17. Bxf8 Qxf8 18.
Rf1 Qe7 19. Qc3 Qg5 20. Bb5 a6 21. Bxc6 Bxc6 22. Qd4 h5 23. Qf4 Qxf4 24. Rxf4
b5 25. Rf8+ Kb7 26. axb5 Bxb5 27. Rf7 g5 28. Re7 a5 29. Kf2 Kc8 30. Rxe6 Kd7
31. Rg6 g4 32. Rh6 c5 33. Rb6 Bc6 34. Ra6 Bb7 35. Rxa5 Kc6 36. e6 Kd6 37. e7
Kxe7 38. Ra7 Kf6 39. Rxb7 Ke5 40. b4 cxb4 41. Rxb4 Kf5 42. h3 gxh3 43. gxh3 Kf6
44. e4 Ke5 45. exd5 Kxd5 46. Ke3 Kc5 47. Rd4 Kb5 48. Kd3 Kc5 49. h4 Kb5 50. Rc4
Kb6 51. Kd4 Kb5 52. Rc3 Kb4 53. Rb3+ Ka4 54. Kc5 Ka5 55. Ra3# 1-0

[Event "PJKL 2008 D categorie"]
[Site "Roermond"]
[Date "2008.12.29"]
[Round "10"]
[White "Hegge, Freek"]
[Black "Steinbusch, Milan"]
[Result "0-1"]
[ECO "C42"]
[WhiteElo "888"]
[BlackElo "763"]
[PlyCount "36"]
[TimeControl "240+2"]

{1MB, Fritz10.ctg, ERIC-LAPTOP} 1. e4 Nc6 2. Nf3 e5 3. Nc3 Bb4 4. d3 Nf6 5. Bg5
d6 6. g3 Bxc3+ 7. bxc3 O-O 8. Bg2 b6 9. O-O Ba6 10. Rb1 Re8 11. Qd2 Qe7 12. c4
h6 13. Bxh6 gxh6 14. Qxh6 Ng4 15. Qd2 f6 16. d4 exd4 17. Nxd4 Qh7 18. Nxc6
Qxh2# 0-1